 Dungeon Crawl Stone Soup version 0.19-a0-1100-g56b2fe9 (webtiles) character file.

403 Jmtri7 the Basher (level 6, -4/93 HPs)
             Began as an Ogre Berserker on Aug 8, 2016.
             Was a Priest of Trog.
             Slain by a hound (6 damage)
             ... on level 5 of the Dungeon.
             The game lasted 00:07:55 (4133 turns).

Jmtri7 the Basher (Ogre Berserker)                  Turns: 4133, Time: 00:07:55

Health: -4/93      AC:  3    Str: 30    XL:     6   Next: 86%
Magic:  6/6        EV: 10    Int:  6    God:    Trog [***...]
Gold:   260        SH:  0    Dex:  9    Spells: 0 memorised, 5 levels left

rFire  . . .     SeeInvis .     C - +0 giant spiked club
rCold  + . .     Gourm    .     y - +0 robe
rNeg   . . .     Faith    .     (shield currently unavailable)
rPois  .         Spirit   .     (helmet restricted)
rElec  .         Dismiss  .     (no cloak)
rCorr  .         Reflect  .     (gloves unavailable)
SustAt .         Harm     .     (boots unavailable)
MR     .....                    (no amulet)
Stlth  ..........               (no ring)
                                o - ring of protection from cold

@: berserking, lethally poisoned (-4 -> -5), very quick
A: unfitting armour, tough skin 1
a: Berserk, Trog's Hand, Burn Spellbooks, Renounce Religion


You were on level 5 of the Dungeon.
You worshipped Trog.
Trog was most pleased with you.
You were not hungry.

You visited 1 branch of the dungeon, and saw 5 of its levels.

You collected 260 gold pieces.

Inventory:

Hand Weapons
 f - a +1 whip of electrocution
 C - a +0 giant spiked club (weapon)
Armour
 y - a +0 robe (worn)
Jewellery
 o - a ring of protection from cold (left hand)
Wands
 q - a wand of heal wounds (5/9)
Scrolls
 g - 3 scrolls of remove curse {unknown}
 r - 2 scrolls of noise {unknown}
 t - 3 scrolls of teleportation {unknown}
 u - a scroll of immolation {unknown}
 v - 2 scrolls of identify {unknown}
 w - a scroll of random uselessness {unknown}
 x - 2 scrolls of magic mapping {unknown}
 A - 4 scrolls of enchant weapon {unknown}
Potions
 a - a potion of invisibility {unknown}
 b - a potion of heal wounds {unknown}
 e - 2 potions of flight {unknown}
 i - 2 potions of curing {unknown}
 j - a potion of agility {unknown}
 l - 2 potions of haste {unknown}
 m - a potion of brilliance {unknown}
 p - a potion of cure mutation {unknown}
 s - a potion of mutation {unknown}
Comestibles
 c - 5 bread rations
 d - 5 meat rations
 h - 3 slices of pizza
 k - a beef jerky
 n - 2 royal jellies
 z - 4 chunks of flesh
 B - 3 fruits


   Skills:
 - Level 4.0 Fighting
 + Level 9.8 Maces & Flails
 - Level 2.6 Dodging


You had 5 spell levels left.
You didn't know any spells.

Dungeon Overview and Level Annotations

Branches:
Dungeon (5/15)
 Temple: D:4-7

Altars:
Ashenzari
Dithmenos
Trog
Yredelemnul


Innate Abilities, Weirdness & Mutations

You are too large for most types of armour.
You have tough skin. (AC +1)


Message History

* * * LOW HITPOINT WARNING * * *
A red film seems to cover your vision as you go berserk!
You feel yourself moving faster!
You feel mighty!
You feel somewhat more hungry.
You feel sick. The hound barely misses you. The adder bites you.
* * * LOW HITPOINT WARNING * * *
You barely miss the adder.
The adder is moderately wounded.
The hound bites you.
* * * LOW HITPOINT WARNING * * *
The adder bites you.
* * * LOW HITPOINT WARNING * * *
The hound bites you but does no damage.
Unknown command.
Unknown command.
Unknown command.
You closely miss the adder.
The adder is moderately wounded.
The adder bites you but does no damage. The hound bites you.
You die...

# #.
#####.########
.........@h..##
.#.#.#<..S...#
#.....#####.#
###.#.# # #>..#
###.# #.# #.?
#.#


You could see a hound and an adder.

Vanquished Creatures
  An ogre (D:4)
  A scorpion (D:4)
  A crimson imp (D:3)
  Ijyb (D:2)
  2 worker ants (D:4)
  Robin (D:3)
  4 adders
  An ooze (D:2)
  4 worms (D:2)
  2 dart slugs
  3 giant geckos
  10 orcs
  4 bats
  4 giant cockroaches
  12 goblins
  8 hobgoblins
  2 jackals (D:3)
  11 kobolds
  2 quokkas
  2 ball pythons
  4 giant newts
  13 rats
93 creatures vanquished.

Notes
Turn   | Place    | Note
-------+----------+-------------------------------------------
     0 | D:1      | Jmtri7 the Ogre Berserker began the quest for the Orb.
     0 | D:1      | Reached XP level 1. HP: 24/24 MP: 1/1
   215 | D:1      | Reached XP level 2. HP: 32/32 MP: 2/2
   250 | D:1      | Reached skill level 5 in Maces & Flails
   482 | D:1      | Reached ** piety under Trog
   566 | D:1      | Reached XP level 3. HP: 39/39 MP: 3/3
   855 | D:2      | Reached skill level 6 in Maces & Flails
   880 | D:2      | Noticed Ijyb
   894 | D:2      | Killed Ijyb
   894 | D:2      | Reached XP level 4. HP: 11/48 MP: 4/4
  1369 | D:2      | Reached skill level 7 in Maces & Flails
  1690 | D:2      | Reached *** piety under Trog
  1752 | D:2      | Reached XP level 5. HP: 54/54 MP: 5/5
  2050 | D:3      | Noticed Robin
  2062 | D:3      | Killed Robin
  2283 | D:3      | Reached skill level 8 in Maces & Flails
  2285 | D:3      | Found a bloodstained altar of Trog.
  2316 | D:3      | Found a basalt altar of Yredelemnul.
  2653 | D:3      | Found a shadowy altar of Dithmenos.
  3056 | D:4      | Reached XP level 6. HP: 50/62 MP: 6/6
  3307 | D:4      | Reached skill level 9 in Maces & Flails
  3586 | D:4      | Found a shattered altar of Ashenzari.
  4119 | D:5      | Entered Level 5 of the Dungeon
  4132 | D:5      | HP: 3/93 [hound (4)]
  4132 | D:5      | HP: 1/93 [adder (2)]
  4133 | D:5      | Slain by a hound

Vault maps used:
D:1:      nicolae_arrival_memento_mori, minmay_misc_feat_alley, minivault_5,
          grunt_decor_clamped, minmay_cupped
D:2:      first_bread, uniq_iyjb
D:3:      grunt_temple_overflow_open, lemuel_coloured_pillars_altar, uniq_robin
D:4:      nicolae_overflow_hidden_temple
D:5:      basic_altar

Skill      XL: |  1  2  3  4  5  6 |
---------------+-------------------+-----
Maces & Flails | 5 6 7 8 9 |  9.8
Fighting       | |  4.0
Dodging        | |  2.6

Action                   |  1- 3 |  4- 6 || total
-------------------------+-------+-------++-------
Melee: Whip              |    90 |   170 ||   260
       Mace              |     5 |       ||     5
       Giant spiked club |       |    33 ||    33
Invok: Berserk           |       |     1 ||     1
 Stab: Distracted        |       |     1 ||     1
  Eat: Chunk             |       |    10 ||    10
Armor: Animal skin       |    30 |    27 ||    57
       Robe              |       |    15 ||    15
Dodge: Dodged            |    33 |    93 ||   126
